 Dungeon Crawl Stone Soup version 0.29.0-3-gbb0933ed62 (webtiles) character file.

Game seed: 3881978549289794958

576 gelatine the Insei (level 7, -4/44 HPs)
             Began as an Octopode Transmuter on Aug 26, 2022.
             Killed from afar by an orc wizard (5 damage)
             ... with a puff of flame
             ... on level 5 of the Dungeon.
             The game lasted 00:14:06 (6626 turns).

gelatine the Insei (Octopode Transmuter)            Turns: 6626, Time: 00:14:06

Health: -4/44      AC:  3    Str:  9    XL:     7   Next: 35%
Magic:  12/12      EV: 13    Int: 18    God:
Gold:   149        SH:  0    Dex: 12    Spells: 10/13 levels left

rFire   + . .      SeeInvis .     - Unarmed
rCold   . . .      Faith    .   (no shield)
rNeg    . . .      Spirit   .   v - +2 hat
rPois   .          Reflect  .   (no amulet)
rElec   .          Harm     .   i - ring of protection from fire
rCorr   .          Rampage  .   (no ring)
Will    .....                   (no ring)
Stlth   ++++......              (no ring)
HPRegen 0.14/turn               (no ring)
MPRegen 0.13/turn               (no ring)
                                (no ring)
                                (no ring)

@: flying, invisible
A: almost no armour, amphibious, 8 rings, camouflage 1, gelatinous body 1,
(nimble swimmer 1), tentacles
a: no special abilities


You were on level 5 of the Dungeon.
You visited 1 branch of the dungeon, and saw 5 of its levels.
You also visited: Sewer.

You collected 149 gold pieces.

Inventory:

Hand Weapons
 g - a +1 short sword of draining
Missiles
 p - 5 javelins
 q - 5 poisoned darts
 u - 2 atropa-tipped darts
 w - a boomerang (quivered)
Armour
 v - a +2 hat (worn)
Jewellery
 i - a ring of protection from fire (left tentacle)
Scrolls
 d - a scroll of enchant armour {unknown}
 j - a scroll of immolation {unknown}
 k - a scroll of summoning {unknown}
 l - 2 scrolls of enchant weapon {unknown}
 m - a scroll of butterflies {unknown}
 n - 2 scrolls of magic mapping {unknown}
 o - a scroll of blinking
 s - a scroll of vulnerability {unknown}
 t - a scroll of teleportation {unknown}
Potions
 a - a potion of lignification
 b - a potion of brilliance
 c - 2 potions of might
 e - a potion of curing
 r - a potion of magic


   Skills:
 + Level 1.9 Fighting
 + Level 0.5 Throwing
 + Level 2.7 Dodging
 + Level 4.8 Stealth
 + Level 5.0 Unarmed Combat
 + Level 3.5 Spellcasting
 + Level 3.6 Transmutations


You had 10 spell levels left.
You knew the following spells:

 Your Spells              Type           Power      Damage    Failure   Level
a - Beastly Appendage     Tmut           32%        N/A       3%          1
b - Wereblood             Tmut           16%        N/A       5%          2

Your spell library contained the following spells:

 Spells                   Type           Power      Damage    Failure   Level
 Spider Form              Tmut/Pois      9%         N/A       22%         3
 Poisonous Vapours        Pois/Air       6%         N/A       24%         2
 Scorch                   Fire           6%         2d5       24%         2
 Ozocubu's Armour         Ice            3%         N/A       43%         3
 Ice Form                 Ice/Tmut       9%         N/A       58%         4
 Corpse Rot               Necr/Pois/Air  3%         N/A       83%         4
 Flame Wave               Conj/Fire      3%         2d5       83%         4
 Passage of Golubria      Tloc           3%         N/A       83%         4
 Silence                  Hex/Air        1%         N/A       99%         5
 Summon Cactus Giant      Summ           1%         N/A       100%        6
 Ozocubu's Refrigeration  Ice            1%         4d7       100%        7
 Lehudib's Crystal Spear  Conj/Erth      1%         10d2      100%        8


Dungeon Overview and Level Annotations

Branches:
Dungeon (5/15)              Sewer (visited)
 Temple: D:4-7

Altars:
Dithmenos
Fedhas
Nemelex Xobeh
Vehumet
Wu Jian

Shops:
D:3 =


Innate Abilities, Weirdness & Mutations

You cannot wear most types of armour.
You are amphibious.
You can wear up to eight rings at the same time.
Your skin changes colour to match your surroundings (Stealth+).
Your rubbery body absorbs attacks. (AC +1, EV +1)
((You are camouflaged when in or above water. (Stealth+)))
You have tentacles for arms and can constrict up to eight enemies at once.


Message History

Your tentacle-slap misses something.
Your squeeze misses something. Something hits you.
You tentacle-slap something. You squeeze something. Something hits you.
You tentacle-slap something but do no damage.
Your tentacle spike misses something.
Something hits you.
You barely miss something.
Your tentacle spike misses something.
You closely miss something. Your squeeze misses something. Something hits you.
You tentacle-slap something. Your squeeze misses something. Something hits you.
You barely miss something.
Your tentacle spike misses something.
Something hits you.
You miss something.
Your tentacle spike misses something.
Your squeeze misses something. Something hits you.
You tentacle-slap something.
Your tentacle spike misses something.
Something hits you.
You tentacle-slap something but do no damage.
Your tentacle spike misses something.
Your squeeze misses something.
Your transformation is almost over.
Something barely misses you.
You closely miss something.
You pierce something.
Your squeeze misses something. Something hits you.
* * * LOW HITPOINT WARNING * * *
You closely miss something.
Your tentacle spike misses something.
Something hits you.
* * * LOW HITPOINT WARNING * * *
It was a potion of invisibility.
You fade into invisibility!
Something barely misses you.
It was a potion of flight.
You feel very buoyant.
You fly up into the air.
Something hits you.
* * * LOW HITPOINT WARNING * * *
Your tentacle spike disappears.
Your +2 hat unmelds from your body.
A magic dart appears from out of thin air!
The magic dart hits you!
* * * LOW HITPOINT WARNING * * *
There is a stone staircase leading up here.
A puff of flame appears from out of thin air!
The puff of flame hits you. You resist.
You die...

.......#
......####
#.........
##.........
#..{.......
#.)........
#...####.##
#...####.#
#..@.....#
##########


There were no monsters in sight!

Vanquished Creatures
  An ogre (D:3)
  A bullfrog (Sewer)
  A scorpion (D:4)
  A jelly (D:4)
  2 iguanas (D:4)
  An orc wizard (D:5)
  16 adders
  3 worms
  6 orcs
  10 endoplasms
  9 giant cockroaches
  5 goblins
  6 hobgoblins
  13 quokkas
  9 ball pythons
  7 bats
  15 frilled lizards
  4 kobolds
  7 rats
117 creatures vanquished.

Notes
Turn   | Place    | Note
-------+----------+-------------------------------------------
     0 | D:1      | gelatine the Octopode Transmuter began the quest for the
                  | Orb.
     0 | D:1      | Reached XP level 1. HP: 13/13 MP: 3/3
   226 | D:1      | Reached XP level 2. HP: 5/18 MP: 5/5
   859 | D:1      | Reached skill level 1 in Stealth
  1681 | D:2      | Reached XP level 3. HP: 20/23 MP: 6/6
  1959 | D:2      | Reached XP level 4. HP: 17/28 MP: 5/7
  2479 | D:2      | You fall into a shaft and drop 2 floors!
  2743 | D:3      | Found a blossoming altar of Fedhas.
  2783 | D:3      | Found a radiant altar of Vehumet.
  2925 | D:3      | Found Lesmuben's Jewellery Emporium.
  2971 | D:3      | Found a glowing drain.
  2984 | D:3      | Learned a level 2 spell: Wereblood
  2996 | D:3      | Reached skill level 4 in Unarmed Combat
  2996 | D:3      | Reached XP level 5. HP: 25/33 MP: 5/8
  3006 | Sewer    | Entered a sewer
  3204 | Sewer    | Reached XP level 6. HP: 11/38 MP: 7/10
  4706 | D:3      | Found an ornate altar of the Wu Jian Council.
  4954 | D:4      | Found a shadowy altar of Dithmenos.
  5509 | D:4      | Found a sparkling altar of Nemelex Xobeh.
  5551 | D:4      | Reached XP level 7. HP: 44/44 MP: 11/11
  5796 | D:4      | Reached skill level 5 in Unarmed Combat
  6591 | D:5      | Entered Level 5 of the Dungeon
  6625 | D:5      | HP: 1/44 [something/magic dart (9)]
  6626 | D:5      | Killed from afar by an orc wizard

Illustrated notes

Levels and vault maps discovered:
D:1:      dpeg_arrival_tiny_a, layout_basic, minmay_misc_feat_cross
D:2:      layout_basic, kennysheep_big_empty_room, st_stairs_7
D:3:      layout_basic, nicolae_overflow_hidden_temple,
          nicolae_vehumet_altar_sigil, pdpol_wu_jian_five_deadly_venoms,
          gup_sewer_entry_glass, serial_shops, shop, minmay_hedge_maze
D:4:      layout_basic, nicolae_dithmenos_shadow_blocks,
          nemelex_xobeh_ov_fountains_minmay
D:5:      layout_basic

Skill      XL: |  1  2  3  4  5  6  7 |
---------------+----------------------+-----
Stealth        | 1 2 3 4 |  4.8
Unarmed Combat | 4 5 |  5.0
Transmutations | 3 |  3.6
Spellcasting   | 3 |  3.5
Fighting       | |  1.9
Throwing       | |  0.5
Dodging        | |  2.7

Action                   |  1- 3 |  4- 6 |  7- 9 || total
-------------------------+-------+-------+-------++-------
Melee: Unarmed           |    64 |   158 |    41 ||   263
       Constrict         |    18 |    31 |     7 ||    56
       Kick              |    14 |    52 |    11 ||    77
       Tentacles         |     7 |    26 |     9 ||    42
       Punch             |     2 |     4 |       ||     6
Throw: Dart              |       |       |     7 ||     7
       Boomerang         |       |       |     6 ||     6
       Javelin           |       |       |     5 ||     5
 Cast: Beastly Appendage |    15 |    37 |     7 ||    59
       Wereblood         |       |     7 |       ||     7
  Use: Scroll            |       |     6 |       ||     6
       Potion            |       |       |     2 ||     2
 Stab: Sleeping          |     8 |    15 |     1 ||    24
Armor: Skin              |     8 |     7 |     1 ||    16
Dodge: Dodged            |    36 |    92 |    14 ||   142
